 Dungeon Crawl Stone Soup version 0.26-a0-651-gb41185065b (webtiles) character file.

Game seed: 17196759841009713490

14 Ozzies the Sneak (level 2, 0/15 HPs)
             Began as a Vampire Enchanter on Oct 6, 2020.
             Slain by a leopard gecko (3 damage)
             ... on level 1 of the Dungeon.
             The game lasted 00:00:45 (515 turns).

Ozzies the Sneak (Vampire Enchanter)                 Turns: 515, Time: 00:00:45

Health: 0/15       AC:  2    Str:  7    XL:     2   Next: 27%
Magic:  5/5        EV: 12    Int: 17    God:
Gold:   7          SH:  0    Dex: 14    Spells: 4/5 levels left

rFire    . . .     SeeInvis +   a - +1 dagger
rCold    + + .     Faith    .   (no shield)
rNeg     + + +     Spirit   .   b - +0 robe
rPois    ∞         Reflect  .   (no helmet)
rElec    .         Harm     .   (no cloak)
rCorr    .         Rampage  .   (no gloves)
MR       .....                  (no boots)
Stlth    +++++.....             (no amulet)
HPRegen  0.00/turn              (no ring)
MPRegen  0.09/turn              (no ring)

@: bloodless
A: fangs 3, see invisible, unbreathing
a: Revivify


You were on level 1 of the Dungeon.
You visited 1 branch of the dungeon, and saw 1 of its levels.

You collected 7 gold pieces.

Inventory:

Hand Weapons
 a - a +1 dagger (weapon)
Missiles
 e - 12 sling bullets
 f - a throwing net (quivered) {!f}
 h - 3 stones
Armour
 b - a +0 robe (worn)
Scrolls
 c - a scroll of amnesia {unknown}
 g - a scroll of remove curse {unknown}
Potions
 d - a potion of magic {unknown}


   Skills:
 - Level 1.1 Short Blades
 - Level 2.1 Dodging
 * Level 5.3 Stealth
 - Level 2.0 Spellcasting
 + Level 4.8 Hexes


You had 4 spell levels left.
You knew the following spells:

 Your Spells              Type           Power        Failure   Level
a - Corona                Hex            ###....      2%          1

Your spell library contained the following spells:

 Spells                   Type           Power        Failure   Level
 Confusing Touch          Hex            ###.....     9%          3
 Tukima's Dance           Hex            ###.....     9%          3
 Ensorcelled Hibernation  Hex/Ice        #.....       11%         2
 Dazzling Flash           Conj/Hex       #.....       22%         3


Dungeon Overview and Level Annotations

Branches:
Dungeon (1/15)

Altars:


Innate Abilities, Weirdness & Mutations

You do not regenerate when monsters are visible.
You are frail without blood (-20% HP).
You can heal yourself when you bite living creatures.
You are immune to poison.
You have razor-sharp teeth.
You have supernaturally acute eyesight. (SInv)
You can survive without breathing.


Message History

The bat hits you but does no damage. x2
You miss the bat. The bat closely misses you. The bat hits you.
The bat closely misses you.
You hit the bat.
The bat is moderately wounded.
The bat hits you but does no damage. The bat closely misses you.
The bat misses you. The bat barely misses you.
The bat hits you but does no damage.
No target in view!
No target in view!
No target in view!
No target in view!
No target in view!
No target in view!
No target in view!
No target in view!
No target in view!
No target in view!
No target in view!
No target in view!
No target in view!
No target in view!
A bat is nearby!
A bat is nearby!
A bat is nearby!
A bat is nearby!
You miss the bat. The bat misses you. The bat misses you.
You hit the bat.
The bat is moderately wounded.
The bat misses you. The bat closely misses you.
You miss the bat.
The bat is moderately wounded.
The bat hits you but does no damage. The bat hits you but does no damage.
The bat closely misses you. The bat hits you but does no damage.
You hit the bat.
You kill the bat!
No target in view!
No target in view!
No target in view!
No target in view!
No target in view!
No target in view!
No target in view!
No target in view!
No target in view!
No target in view!
No target in view!
No target in view!
No target in view!
No target in view!
No target in view!
g - a scroll labeled DEXZIO FYECK You now have 7 gold pieces.
h - 3 stones You see here a +0 short sword.
Found an escape hatch in the floor.
A leopard gecko comes into view.
A leopard gecko is nearby!
A leopard gecko is nearby!
A leopard gecko is nearby!
A rat comes into view.
A bat comes into view.
The bat hits you but does no damage.
The leopard gecko hisses angrily.
You miss the leopard gecko. The bat closely misses you.
The rat barely misses you. The leopard gecko bites you.
You barely miss the leopard gecko.
The leopard gecko completely misses you.
The rat bites you.
You closely miss the leopard gecko. The bat barely misses you.
The leopard gecko bites you. The rat closely misses you.
You are too injured to fight recklessly!
You are too injured to fight recklessly!
You are too injured to fight recklessly!
You are too injured to fight recklessly!
There are monsters nearby!
You are too injured to fight recklessly!
You are too injured to fight recklessly!
You are too injured to fight recklessly!
You hit the rat.
You kill the rat!
The bat closely misses you. The leopard gecko barely misses you.
You miss the bat. The bat hits you but does no damage.
The leopard gecko bites you.
* * * LOW HITPOINT WARNING * * *
You are too injured to fight recklessly!
You closely miss the leopard gecko. The leopard gecko misses you.
The bat hits you.
* * * LOW HITPOINT WARNING * * *
The leopard gecko misses you.
You hit the leopard gecko.
The leopard gecko is moderately wounded.
The bat barely misses you. The leopard gecko bites you.
You die...

....... #.......#
#.......# #.......#####
#............
#.........###
############.......#....
......l...##............
.......@..##............
......b†.............♣♣♣
..........#####.####.♣PP
..........# #.# #.♣PP
..........# #.# ##.♣..
..........# #.# #..♣..
........... #.# #..♣PP
##########.. #.# ..♣P.
#># #.♣..


You could see a leopard gecko and a bat.

Vanquished Creatures
  2 dart slugs (D:1)
  A leopard gecko (D:1)
  A giant cockroach (D:1)
  A hobgoblin (D:1)
  2 bats (D:1)
  2 kobolds (D:1)
  A rat (D:1)
10 creatures vanquished.

Notes
Turn   | Place    | Note
-------+----------+-------------------------------------------
     0 | D:1      | Ozzies the Vampire Enchanter began the quest for the Orb.
     0 | D:1      | Reached XP level 1. HP: 13/13 MP: 3/3
   294 | D:1      | Reached skill level 5 in Stealth
   294 | D:1      | Reached XP level 2. HP: 15/15 MP: 5/5
   515 | D:1      | Slain by a leopard gecko

Illustrated notes

Levels and vault maps discovered:
D:1:      scummos_arrival_checkerplants, layout_rooms

Skill      XL: |  1 |
---------------+----+-----
Stealth        | 5 |  5.3
Short Blades   | |  1.1
Dodging        | |  2.1
Spellcasting   | |  2.0
Hexes          | |  4.8

Action                   || total
-------------------------++-------
Melee: Dagger            ||    31
       Bite              ||     1
 Cast: Corona            ||     4
 Abil: Exsanguinate      ||     1
 Stab: Sleeping          ||     6
Armor: Robe              ||    12
Dodge: Dodged            ||    31

Table legend: (Time is in decaauts)
 A = Elapsed time spent in this place.
 B = Non-inter-level travel time spent in this place.
 C = Inter-level travel time spent in this place.
 D = Time resting spent in this place.
 E = Time spent auto-exploring this place.
 F = Levels seen in this place.
 G = Mean time per level.
                   A        B        C        D        E       F      G
               +--------+--------+--------+--------+--------+-----+--------+
         Total |    513 |    513 |      0 |      0 |    413 |   1 |  513.0 |
       Dungeon |    513 |    513 |      0 |      0 |    413 |   1 |  513.0 |
               +--------+--------+--------+--------+--------+-----+--------+

Top non-repeatable levels by time:
     D:1: 513 daAuts
